 Dungeon Crawl Stone Soup version 0.28.0 (webtiles) character file.

Game seed: 4957608901292666369

238 15bullets the Firebug (level 6, -12/48 HPs)
             Began as a Barachi Fire Elementalist on Feb 15, 2022.
             Mangled by nado's ghost (14 damage)
             ... on level 2 of the Dungeon.
             The game lasted 00:13:32 (4442 turns).

15bullets the Firebug (Barachi Fire Elementalist)   Turns: 4442, Time: 00:13:33

Health: -12/48     AC:  2    Str:  9    XL:     6   Next: 7%
Magic:  1/11       EV: 12    Int: 17    God:
Gold:   193        SH:  0    Dex: 13    Spells: 9/12 levels left

rFire   . . .      SeeInvis .   g - +1 quarterstaff
rCold   . . .      Faith    .   (shield currently unavailable)
rNeg    . . .      Spirit   .   a - +0 robe
rPois   .          Reflect  .   (no helmet)
rElec   .          Harm     .   (no cloak)
rCorr   .          Rampage  .   (no gloves)
Will    .....                   (no boots)
Stlth   ++........              (no amulet)
HPRegen 0.16/turn               (no ring)
MPRegen 0.12/turn               (no ring)

@: unable to hop, slow
A: amphibious, slowness 1, strong legs 1, +LOS
a: Hop


You were on level 2 of the Dungeon.
You visited 1 branch of the dungeon, and saw 3 of its levels.
You also visited: Sewer.

You collected 193 gold pieces.

Inventory:

Hand Weapons
 e - a +0 mace
 g - a +1 quarterstaff (weapon)
Missiles
 j - 4 poisoned darts
Armour
 a - a +0 robe (worn)
Scrolls
 c - 4 scrolls of amnesia
 d - a scroll of silence {unknown}
 h - a scroll of enchant weapon
 k - a scroll of vulnerability {unknown}
 m - a scroll of fear {unknown}
 n - a scroll of teleportation
Potions
 b - a potion of cancellation
 f - 2 potions of flight {unknown}
 i - 5 potions of magic
 l - 2 potions of curing {unknown}
 o - a potion of ambrosia {unknown}
 p - a potion of degeneration {unknown}


   Skills:
 * Level 4.0 Fighting
 - Level 2.4 Dodging
 - Level 2.0 Stealth
 + Level 3.5 Spellcasting
 - Level 2.0 Conjurations
 + Level 4.6 Fire Magic


You had 9 spell levels left.
You knew the following spells:

 Your Spells              Type           Power      Damage    Failure   Level
a - Foxfire               Conj/Fire      56%        2x1d6     4%          1
b - Scorch                Fire           36%        2d6       3%          2

Your spell library contained the following spells:

 Spells                   Type           Power      Damage    Failure   Level
 Conjure Flame            Conj/Fire      14%        6-21      13%         3
 Inner Flame              Hex/Fire       10%        N/A       19%         3
 Corpse Rot               Necr/Air       4%         N/A       26%         2
 Poisonous Vapours        Pois/Air       4%         N/A       26%         2
 Flame Wave               Conj/Fire      14%        2d6       38%         4


Dungeon Overview and Level Annotations

Branches:
Dungeon (3/15)              Sewer (visited)

Altars:
Ashenzari
Gozag
Kikubaaqudgha
Ru
Trog
Wu Jian

Annotations:
D:2 nado's ghost, weakling MiFi


Innate Abilities, Weirdness & Mutations

You are amphibious.
You cover ground slowly.
You can hop short distances.
You have an extended range of vision and can be seen from far away.


Message History

The foxfire hits nado's ghost but does no damage.
Nado's ghost is heavily damaged.
Nado's ghost barely misses you.
You hit nado's ghost.
Nado's ghost is severely damaged.
Nado's ghost hits you. x2
You hit nado's ghost but do no damage.
Nado's ghost is severely damaged.
Nado's ghost barely misses you.
You barely miss nado's ghost.
Nado's ghost is severely damaged.
Nado's ghost sneers, "Do you call that fighting?"
Nado's ghost hits you.
You hit nado's ghost but do no damage.
Nado's ghost is severely damaged.
You are ready to hop once more.
Nado's ghost closely misses you. x2
Casting: Foxfire (safe; 4% risk of failure)
Press: ? - help, Q - select action, (/) - cycle Dir - look around, f - activate You conjure some foxfire!
Nado's ghost hits you!
* * * LOW HITPOINT WARNING * * *
Unknown command.
Hop to where?
Press: ? - help, Dir - move target Boing!
The foxfire hits nado's ghost but does no damage.
Nado's ghost is severely damaged.
The foxfire hits nado's ghost.
Nado's ghost completely resists.
Nado's ghost is severely damaged.
There is a stone staircase leading up here.
You climb upwards.
There is a stone staircase leading down here.
Okay, then.
You barely miss nado's ghost.
Nado's ghost is severely damaged.
Nado's ghost hits you.
* * * LOW HITPOINT WARNING * * *
Nado's ghost hits you!
You die...

######### ####
#.......# #...
#.......# #...
#.......# #...
#.......# #...
##.############...
#@W...........'...
#....##########...
#..### #### ####
#..#####..#
#.........#
#..#####..##
#..........#
#...####..##
#.........#


You could see nado's ghost.

Vanquished Creatures
  A jelly (D:3)
  Natasha (thrice) (D:2)
  5 adders
  2 worms (D:3)
  2 dart slugs (D:1)
  An orc (D:3)
  8 endoplasms
  6 giant cockroaches
  8 goblins
  8 hobgoblins
  5 quokkas
  7 ball pythons
  5 bats
  8 frilled lizards
  5 kobolds
  4 rats
78 creatures vanquished.

Vanquished Creatures (others)
  193 foxfires
193 creatures vanquished.

Grand Total: 271 creatures vanquished

Notes
Turn   | Place    | Note
-------+----------+-------------------------------------------
     0 | D:1      | 15bullets the Barachi Fire Elementalist began the quest for
                  | the Orb.
     0 | D:1      | Reached XP level 1. HP: 13/13 MP: 3/3
   366 | D:1      | Reached XP level 2. HP: 19/19 MP: 3/5
   413 | D:1      | Learned a level 2 spell: Scorch
  1064 | D:1      | Reached XP level 3. HP: 22/25 MP: 0/6
  1310 | D:1      | Reached skill level 1 in Fighting
  1843 | D:2      | Noticed Natasha
  1847 | D:2      | Killed Natasha
  1848 | D:2      | Reached XP level 4. HP: 33/33 MP: 1/8
  2061 | D:2      | Noticed Natasha
  2063 | D:2      | Killed Natasha
  2106 | D:2      | Noticed Natasha
  2113 | D:2      | Killed Natasha
  2114 | D:2      | Reached XP level 5. HP: 40/40 MP: 2/9
  2844 | D:3      | Found a runed translucent door.
  2844 | D:3      | Noticed nado's ghost (weakling MiFi)
  2945 | D:3      | Found a bloodstained altar of Trog.
  2945 | D:3      | Found an ornate altar of the Wu Jian Council.
  2946 | D:3      | Found an opulent altar of Gozag.
  2947 | D:3      | Found a sacrificial altar of Ru.
  2950 | D:3      | Found a broken altar of Ashenzari.
  2951 | D:3      | Found an ancient bone altar of Kikubaaqudgha.
  3058 | D:3      | Found a glowing drain.
  3147 | Sewer    | Entered a sewer
  3669 | D:3      | Reached XP level 6. HP: 48/48 MP: 7/11
  3746 | D:3      | Found a faded altar of an unknown god.
  4442 | D:2      | HP: 2/48 [nado's ghost (3)]
  4442 | D:2      | Mangled by nado's ghost

Illustrated notes

Levels and vault maps discovered:
D:1:      onia_arrival_mini_maze_b, layout_basic
D:2:      layout_basic, uniq_natasha
D:3:      layout_basic, minitemple, hellmonk_ghost_happy_afterlife,
          gup_sewer_entry_pipe, ebering_ecumenical_altar_rust

Skill      XL: |  1  2  3  4  5  6 |
---------------+-------------------+-----
Stealth        | 2 |  2.0
Fighting       | 1 2 3 4 |  4.0
Conjurations   | 2 |  2.0
Fire Magic     | 4 |  4.6
Spellcasting   | 3 |  3.5
Dodging        | |  2.4

Action                   |  1- 3 |  4- 6 || total
-------------------------+-------+-------++-------
Melee: Dagger            |    11 |       ||    11
       Punch             |     1 |       ||     1
       Short sword       |     1 |       ||     1
       Quarterstaff      |       |    13 ||    13
 Cast: Foxfire           |    28 |    88 ||   116
       Scorch            |    15 |    20 ||    35
 Abil: Hop               |     2 |     3 ||     5
  Use: Scroll            |     1 |     4 ||     5
 Stab: Sleeping          |     2 |       ||     2
Armor: Robe              |       |     1 ||     1
Dodge: Dodged            |     8 |    13 ||    21
